 Dungeon Sprint DCSS version 0.30.1-9-gdf580d7c3d (webtiles) character file.

Game seed: 15840426546720722348

153 Heoruswealwe the Spear-Bearer (level 5, -2/52 HPs)
             Began as a Minotaur Fighter on Sept 26, 2023.
             Slain by a vampire (4 damage)
             ... in the Dungeon (Sprint IX: "|||||||||||||||||||||||||||||").
             The game lasted 00:01:05 (96 turns).

Heoruswealwe the Spear-Bearer (Minotaur Fighter)      Turns: 96, Time: 00:01:06

Health: -2/52      AC:  7    Str: 22    XL:     5   Next: 12%
Magic:  4/4        EV:  9    Int:  5    God:
Gold:   0          SH:  4    Dex: 10    Spells: 4/4 levels left

rFire   . . .        a - +0 trident
rCold   . . .        d - +0 buckler
rNeg    . . .        c - +0 scale mail
rPois   .            (helmet restricted)
rElec   .            (no cloak)
rCorr   .            (no gloves)
SInv    .            (no boots)
Will    .....        (no amulet) Stlth
                     (no ring)
HPRegen 0.28/turn    (no ring)
MPRegen 0.09/turn

%: no teleportation
@: no status effects
A: horns 2, retaliatory headbutt
a: no special abilities


You were in the Dungeon.
You visited 1 branch

Inventory:

Hand Weapons
 a - a +0 trident (weapon)
Armour
 c - a +0 scale mail (worn)
 d - a +0 buckler (worn)
Jewellery
 m - a +2 ring of protection
 n - a +3 ring of intelligence
Wands
 l - a wand of quicksilver (10)
Scrolls
 j - 2 scrolls of blinking
 k - 2 scrolls of amnesia
Potions
 b - a potion of might
 e - 5 potions of curing
 f - 3 potions of heal wounds
 g - a potion of haste
 h - a potion of invisibility
 i - a potion of berserk rage


   Skills:
 + Level 7.1 Fighting
 * Level 9.1 Polearms
 + Level 7.2 Armour
 - Level 3.6 Shields


You had 4 spell levels left.
You didn't know any spells.
Your spell library was empty.

Dungeon Overview and Level Annotations

Branches:
Dungeon (1/1)

Altars:
Cheibriados
Dithmenos
Elyvilon
Fedhas
Gozag
Hepliaklqana
Kikubaaqudgha
Makhleb
Nemelex Xobeh
Okawaru
Qazlal
Ru
Sif Muna
Trog
Uskayaw
Vehumet
Wu Jian
Xom
Yredelemnul
Zin
The Shining One
Jiyva
Lugonu


Innate Abilities, Weirdness & Mutations

You have a pair of horns on your head.
You reflexively headbutt those who attack you in melee.


Message History

There is an open door here.
Found a +2 ring of protection.
h - a potion of invisibility;
f - 3 potions of heal wounds (gained 2)
e - 5 potions of curing (gained 4)
You see here 2 potions of magic.
Found a +3 ring of intelligence.
k - 2 scrolls of amnesia;
j - 2 scrolls of blinking (gained 1)
l - a wand of quicksilver (10)
Items here: )))))).
Okay, then.
You see here a +0 pair of gloves.
You see here a +0 pair of gloves.
You see here a +0 plate armour.
m - a +2 ring of protection
n - a +3 ring of intelligence You open the door.
A yak, a centaur, a hornet, a gnoll sergeant, an acid dragon and a vampire come into view.
The gnoll sergeant is wielding a +3 trident of venom.
The yak bellows!
The centaur shouts!
The hornet buzzes angrily.
The gnoll sergeant shouts!
The acid dragon roars!
You closely miss the vampire. The vampire hits you!
* * * LOW HITPOINT WARNING * * *
You block the vampire's attack.
You hit the vampire but do no damage.
The vampire casts a spell.
The vampire flickers and vanishes!
Deactivating autopickup; reactivate with Ctrl-A.
You hit something but do no damage. Your headbutt misses something.
Something hits you.
* * * LOW HITPOINT WARNING * * *
Something bites you but does no damage.
You miss something. Something hits you.
* * * LOW HITPOINT WARNING * * *
Something bites you.
* * * LOW HITPOINT WARNING * * *
Something draws strength from your injuries!
You closely miss something. Something hits you.
* * * LOW HITPOINT WARNING * * *
Something bites you.
You die...

▓.▓
▓Y▓
▓c▓
▓y▓
▓g▓
▓D▓
▓{▓
▓@▓
▓.▓
▓[▓
▓[▓
▓[▓
▓.▓
▓)▓
▓.▓
▓!▓


You could see a yak, a hornet, an acid dragon, a gnoll sergeant and a centaur.

Vanquished Creatures
  A centaur (D)
  A jelly (D)
  An iguana (D)
  An adder (D)
  An endoplasm (D)
  A goblin (D)
  A quokka (D)
  2 frilled lizards (D)
  A kobold (D)
10 creatures vanquished.

Notes
Turn   | Place    | Note
-------+----------+-------------------------------------------
     0 | D        | Heoruswealwe the Minotaur Fighter began the quest for the
                  | Orb.
     0 | D        | Reached XP level 1. HP: 19/19 MP: 0/0
     8 | D        | Reached skill level 3 in Polearms
    24 | D        | Noticed a jelly
    24 | D        | Noticed an iguana
    24 | D        | Noticed a centaur
    29 | D        | Killed a centaur
    30 | D        | Reached skill level 7 in Polearms
    30 | D        | Reached XP level 2. HP: 15/30 MP: 1/1
    30 | D        | Reached XP level 3. HP: 19/37 MP: 2/2
    30 | D        | Reached XP level 4. HP: 23/44 MP: 3/3
    34 | D        | Reached skill level 8 in Polearms
    40 | D        | Reached XP level 5. HP: 4/52 MP: 4/4
    44 | D        | Reached skill level 9 in Polearms
    49 | D        | Found a snail-covered altar of Cheibriados.
    49 | D        | Found a shadowy altar of Dithmenos.
    49 | D        | Found a white marble altar of Elyvilon.
    49 | D        | Found a blossoming altar of Fedhas.
    49 | D        | Found an opulent altar of Gozag.
    50 | D        | Found a hazy altar of Hepliaklqana.
    51 | D        | Found a viscous altar of Jiyva.
    52 | D        | Found an ancient bone altar of Kikubaaqudgha.
    53 | D        | Found a corrupted altar of Lugonu.
    54 | D        | Found a burning altar of Makhleb.
    55 | D        | Found a sparkling altar of Nemelex Xobeh.
    56 | D        | Found an iron altar of Okawaru.
    57 | D        | Found a stormy altar of Qazlal.
    58 | D        | Found a sacrificial altar of Ru.
    59 | D        | Found a shimmering blue altar of Sif Muna.
    60 | D        | Found a bloodstained altar of Trog.
    61 | D        | Found a hide-covered altar of Uskayaw.
    62 | D        | Found a radiant altar of Vehumet.
    63 | D        | Found an ornate altar of the Wu Jian Council.
    64 | D        | Found a shimmering altar of Xom.
    65 | D        | Found a basalt altar of Yredelemnul.
    66 | D        | Found a glowing silver altar of Zin.
    67 | D        | Found a glowing golden altar of the Shining One.
    91 | D        | Noticed a yak
    91 | D        | Noticed a centaur
    91 | D        | Noticed a hornet
    91 | D        | Noticed an acid dragon
    91 | D        | Noticed a vampire
    96 | D        | HP: 2/52 [something (4)]
    96 | D        | Slain by a vampire

Illustrated notes

Levels and vault maps discovered:
D:        linesprint [early_d, line_temple, items_1, d_10, items_2, lair_1,
          lair_end, items_3, orc_1, orc_end, items_4, d_15, swamp_1, shoals_1,
          snake_1, spider_1, d_20, vaults_1, items_5, swamp_end, shoals_end,
          snake_end, spider_end, vaults_end, d_27, items_6, zot_1, zot_end,
          crypt_end, forest_end, elf_end, slime_end, tomb_end, abyss_end,
          pan_hell_end]

Skill      XL: |  1  2  3  4  5 |
---------------+----------------+-----
Polearms       | 7 8 9 |  9.1
Fighting       | 6 7 |  7.1
Armour         | 6 7 |  7.2
Shields        | |  3.6

Action                     |  1- 3 |  4- 6 || total
---------------------------+-------+-------++-------
  Melee: Trident           |    16 |    19 ||    35
         Headbutt          |     3 |     3 ||     6
 Armour: Scale mail        |    11 |     4 ||    15
  Dodge: Dodged            |     4 |     5 ||     9
  Block: Buckler           |     4 |     2 ||     6
